Cogmind - Beta 13 @@@ ROGUE MODE // 2024.04.20 @ 06:18:38 Player: Haddoc Result: Destroyed by G-34 Mercenary with Small Laser Performance ------------- Evolutions (0) 0 Regions Visited (2) 400 Robots Destroyed (34) 170 Value Destroyed (479) 479 Prototype IDs (4) 80 Alien Tech Used (0) 0 Bonus (0) 0 TOTAL SCORE: 1129 Bonus ------- None Cogmind --------- Core Integrity 0/250 Matter 97/300 Energy 100/100 System Corruption 0% Temperature Cool (6) Movement Walking (260) Ox2 Location -10/Mines Parts ------- > --- POWER (1) -------- (None) > --- PROPULSION (2) --- Aluminum Leg Aluminum Leg > --- UTILITY (2) ------ High-capacity Storage Unit Hacking Suite > --- WEAPON (2) ------- Hammer > --- INVENTORY (20) --- Light Ion Engine Large Storage Unit Large Battery (200) Structural Scanner Sensor Array Improved Terrain Scanner Light Assault Rifle Light Assault Rifle Light Assault Rifle Light Assault Rifle Makeshift Shrapnel Gun Datajack Peak State ------------ > --- POWER ------------ Light Ion Engine > --- PROPULSION ------- Compact Wheel Compact Wheel > --- UTILITY ---------- Large Storage Unit Hacking Suite > --- WEAPON ----------- Datajack Hammer > --- INVENTORY -------- Wheel Wheel Medium Storage Unit Large Battery Structural Scanner Sensor Array Improved Terrain Scanner Light Assault Rifle Light Assault Rifle Light Assault Rifle Light Assault Rifle Makeshift Shrapnel Gun Grenade Launcher Datajack Mining Laser [Rating: 11] Favorites ----------- Power Light Ion Engine Engine Light Ion Engine Propulsion Light Treads Treads Light Treads Leg Aluminum Leg Wheel Compact Wheel Utility Hacking Suite Storage Large Storage Unit Hackware Hacking Suite Weapon Light Assault Rifle Ballistic Gun Light Assault Rifle Launcher Grenade Launcher Special Weapon Mining Laser Impact Weapon Hammer Special Melee Weapon Datajack Build | -11 -10 -10 ------- Run | Yrd Mat Min Slots Evolved . | . . . Power . | . . . Propulsion . | . . . Utility . | . . . Weapon . | . . . Parts Attached 27 | 5 11 11 Power 6 | 1 2 3 Engine 6 | 1 2 3 Core . | . . . Reactor . | . . . Propulsion 8 | 2 2 4 Treads 2 | 2 . . Leg 2 | . . 2 Wheel 4 | . 2 2 Hover . | . . . Flight . | . . . Utility 4 | 1 2 1 Device . | . . . Storage 3 | 1 1 1 Processor . | . . . Hackware 1 | . 1 . Protection . | . . . Artifact . | . . . Weapon 9 | 1 5 3 Energy Gun . | . . . Energy Cannon . | . . . Ballistic Gun 4 | 1 2 1 Ballistic Cannon . | . . . Launcher 1 | . . 1 Special Weapon 1 | . . 1 Impact Weapon 1 | . 1 . Slashing Weapon . | . . . Piercing Weapon . | . . . Special Melee Weapon 2 | . 2 . Unidentified Prototypes . | . . . Parts Lost 14 | . 5 9 Power 6 | . 3 3 Propulsion 4 | . 1 3 Utility . | . . . Weapon 4 | . 1 3 Highest Loss Streak 2 | . 2 2 To Critical Strikes 1 | . 1 . Average Slot Usage (%) 90 | . 92 88 Engine 11 | . 10 11 Treads 7 | . 12 . Leg 1 | . . 2 Wheel 17 | . 13 23 Storage 14 | . 14 14 Hackware 13 | . 13 14 Ballistic Gun 9 | . 15 . Impact Weapon 6 | . 1 14 Special Melee Weapon 8 | . 10 5 Naked Turns . | . . . Heaviest Build 50 | 9 27 50 Greatest Support 40 | 40 40 32 Greatest Overweight (x) 4 | 1 1 4 Average Overweight (x) . | . . 1 Largest Inventory Capacity 20 | 8 15 20 Average Capacity 14 | 7 14 19 Most Carried 16 | 4 15 16 Average Carried 9 | 2 9 14 Final Capacity 20 | 8 15 20 Final Carried 13 | 3 13 12 Class Distribution -------------------- 87% | Mutant 12% | Scavenger-Mutant Dominant Class ---------------- Mutant | -10/Materials Mutant | -10/Mines Resources | -11 -10 -10 ----------- Run | Yrd Mat Min Matter Collected 507 | 250 169 88 Remotely . | . . . Salvage Created 807 | . 325 482 Parts 44 | . 25 19 Haulers Intercepted . | . . . Recyclers Shooed 2 | . 1 1 Parts Field Recycled . | . . . Retrieved Matter . | . . . Parts Self-Destructed . | . . . Prevented . | . . . Kills | -11 -10 -10 ------- Run | Yrd Mat Min Combat Hostiles Destroyed 20 | . 10 10 Melee 2 | . . 2 Guns 10 | . 10 . AOE 5 | . . 5 Classes Destroyed 8 | . 6 2 Worker 8 | . 3 5 Tunneler 5 | . 2 3 Recycler 1 | . . 1 Operator 1 | . 1 . Watcher 1 | . 1 . Swarmer 10 | . 9 1 Grunt 8 | . 1 7 Assembled 2 | . . 2 Best Kill Streak 3 | . 3 3 Combat Bots Only 3 | . 3 2 Max Kills in Single Turn 1 | . 1 1 Gunslinging . | . . . Exploded 1 | . . 1 Melee 1 | . . 1 Uniques/NPCs Destroyed . | . . . Combat | -11 -10 -10 -------- Run | Yrd Mat Min Hostile Shots Fired 119 | . 70 49 Missed 26 | . 17 9 Damage Taken 1194 | . 534 660 Core 256 | . 137 119 Absorbed by Shields . | . . . Core Remaining (%) 100 | 100 . . Volleys Fired 84 | . 53 31 Largest 2 | . 2 1 Hottest 100 | . 40 100 Shots Fired 94 | . 63 31 Gun 69 | . 63 6 Cannon . | . . . Launcher 20 | . . 20 Special 5 | . . 5 Kinetic 69 | . 63 6 Thermal 5 | . . 5 Explosive 20 | . . 20 Electromagnetic . | . . . Robot Hit Streak 8 | . 8 6 Robot Miss Streak 5 | . 5 3 Penetration Max . | . . . Secondary Targets 1 | . 1 . Max Gunslinging Chain 1 | . 1 . Shots Hit Robots 81 | . 50 31 Core Hits 35 | . 20 15 Critical Kills 1 | . . 1 Critical Parts Destroyed 7 | . 2 5 Critical Strikes 8 | . 2 6 Smash 8 | . 2 6 Melee Attacks 46 | . 17 29 Impact 37 | . 8 29 Slashing . | . . . Piercing . | . . . Sneak Attacks 21 | . 12 9 Combat Hostiles . | . . . Follow-up Attacks . | . . . Damage Inflicted 1961 | . 614 1347 Guns 288 | . 288 . Cannons . | . . . Explosions 515 | . . 515 Melee 1158 | . 326 832 Ramming . | . . . Kinetic 288 | . 288 . Thermal . | . . . Explosive 515 | . . 515 Electromagnetic . | . . . Impact 1158 | . 326 832 Slashing . | . . . Piercing . | . . . Highest Corruption . | . . . Average Corruption . | . . . Corruption Purged . | . . . Corruption Blocked . | . . . Overload Shots . | . . . Overflow Damage 562 | . 159 403 Projectiles 1 | . . 1 Explosions 18 | . . 18 Melee 543 | . 159 384 Knockbacks 8 | . 2 6 Impact 7 | . 2 5 Kinetic . | . . . Secondary 1 | . . 1 Self-Inflicted Damage 174 | . . 174 Shots 11 | . . 11 Rammed . | . . . Targets Rammed . | . . . Kicked . | . . . Crushed . | . . . Highest Temperature 40 | . 1 40 Average Temperature 11 | . 1 12 Received Heat Transfer 254 | . 54 200 Siege Activations . | . . . Robots Corrupted . | . . . Combat Hostiles . | . . . Parts Fried 14 | . 3 11 Impact Corruptions 27 | . 8 19 Robots Melted . | . . . Combat Hostiles . | . . . Parts Melted . | . . . Heat Transferred . | . . . Parts Sabotaged . | . . . Parts Stolen . | . . . Parts Stripped . | . . . Power Chain Reactions . | . . . Alert | -11 -10 -10 ------- Run | Yrd Mat Min Peak Influence 182 | . 182 176 Initial . | . . . Average 35 | . 52 31 Maximum Alert Level . | . . . Low Security (%) 100 | 100 100 100 Level 1 . | . . . Level 2 . | . . . Level 3 . | . . . Level 4 . | . . . Level 5 . | . . . High Security . | . . . Max Security . | . . . Squads Dispatched 2 | . 2 . Investigation 2 | . 2 . Extermination . | . . . Reinforcement . | . . . Assault . | . . . Garrison . | . . . Intercept . | . . . Searches Triggered . | . . . Construction Impeded . | . . . Haulers Reinforced . | . . . Active Scanning Responses . | . . . Cargo Convoy Interrupts . | . . . Stealth | -11 -10 -10 --------- Run | Yrd Mat Min Distress Signals . | . . . Communications Jammed . | . . . Distress Signals . | . . . Times Spotted 33 | . 21 12 Peak Tracking Total 4 | . 4 2 Tactical Retreats 4 | . 3 1 Traps | -11 -10 -10 ------- Run | Yrd Mat Min Traps Triggered 1 | . 1 . Indirectly . | . . . Trap Hack Attempts . | . . . Triggered . | . . . Disarmed . | . . . Reprogrammed . | . . . Reused . | . . . Traps Extracted . | . . . Installed . | . . . Triggered . | . . . Machines | -11 -10 -10 ---------- Run | Yrd Mat Min Machines Disabled . | . . . Max in Single Turn . | . . . Machines Repaired . | . . . Machines Dismantled . | . . . Machines Sabotaged . | . . . Overloaded Fab Kills . | . . . Hacking | -11 -10 -10 --------- Run | Yrd Mat Min Machines Accessed 9 | . 9 . Terminals 6 | . 6 . Fabricators . | . . . Repair Stations 1 | . 1 . Recycling Units 2 | . 2 . Scanalyzers . | . . . Garrison Access . | . . . Total Hacks 26 | . 26 . Successful 16 | . 16 . Failed 10 | . 10 . Catastrophic 1 | . 1 . Database Lockouts . | . . . Manual 9 | . 9 . Terminals 21 | . 21 . Fabricators . | . . . Repair Stations 1 | . 1 . Recycling Units 4 | . 4 . Scanalyzers . | . . . Garrison Access . | . . . Terminal Hacks 12 | . 12 . Record 4 | . 4 . Prototype ID Bank 2 | . 2 . Branch Access Points 1 | . 1 . Alert Level 1 | . 1 . Unreport Threat 1 | . 1 . Zone Layout 2 | . 2 . Patrol Navigation 1 | . 1 . Fabricator Hacks . | . . . Repair Station Hacks 1 | . 1 . Scan Component 1 | . 1 . Recycling Unit Hacks 3 | . 3 . Process 1 | . 1 . Report Inventory 2 | . 2 . Scanalyzer . | . . . Garrison Access Hacks . | . . . Unauthorized Hacks . | . . . Terminals . | . . . Fabricators . | . . . Repair Stations . | . . . Recycling Units . | . . . Scanalyzers . | . . . Garrison Access . | . . . Data Cores Recovered 1 | . 1 . Used . | . . . Hacking Detections 8 | . 8 . Full Trace Events 4 | . 4 . Feedback Events . | . . . Feedback Blocked . | . . . Robot Schematics Acquired . | . . . Robots Built . | . . . Authchips . | . . . Time . | . . . Total Robot Build Rating . | . . . Part Schematics Acquired . | . . . Parts Built . | . . . Authchips . | . . . Time . | . . . Total Part Build Rating . | . . . Parts Repaired . | . . . Time . | . . . Parts Recycled . | . . . Recycled Matter 118 | . 118 . Retrieved Matter . | . . . Retrieved Components . | . . . Parts Scanalyzed . | . . . Part Schematics Acquired . | . . . Parts Damaged . | . . . Bothacking | -11 -10 -10 ------------ Run | Yrd Mat Min Used RIF Installer . | . . . Robots Hacked 4 | . 4 . Non-combat 3 | . 3 . Combat 1 | . 1 . Robot Hacks Applied 5 | . 5 . parse_system 3 | . 3 . no_distress 2 | . 2 . Relay Couplers Released . | . . . Fabnet Peak Effective % . | . . . Robots Rewired . | . . . Allies Hacked . | . . . Hacks Repelled . | . . . Allies | -11 -10 -10 -------- Run | Yrd Mat Min Total Allies . | . . . Largest Group . | . . . Highest-Rated Group . | . . . Highest-Rated Ally . | . . . Total Orders . | . . . Ally Attacks . | . . . Total Damage . | . . . Kills . | . . . Allies Corrupted . | . . . Allies Melted . | . . . Intel | -11 -10 -10 ------- Run | Yrd Mat Min Robot Analysis Total . | . . . Derelict Logs Recovered 1 | . . 1 Drone Launches . | . . . Drone Recoveries . | . . . Exploration | -11 -10 -10 ------------- Run | Yrd Mat Min Turns Passed 2571 | 512 1229 830 Spaces Moved 1437 | 107 778 552 Core 18 | 18 . . Treads 386 | 89 297 . Legs 23 | . . 23 Wheels 1010 | . 481 529 Hover . | . . . Flight . | . . . Fastest Speed 50 | 50 100 100 Average Speed 126 | 146 130 117 Slowest Speed 260 | 160 240 260 Overloaded Moves . | . . . Propulsion Burnouts . | . . . Robots Hopped . | . . . Cave-ins Triggered . | . . . Exploration Rate (%) 63 | 12 85 93 Regions Visited 2 Branch Regions 1 Pre-discovered Areas . | . . . Known Exits Taken 1 | . 1 . Unknown Exits Taken 1 | 1 . . Scrap Searched 1 | . . 1 Spaces Dug . | . . . Terrain Destroyed 116 | . . 116 Melee . | . . . Projectile . | . . . AOE 116 | . . 116 Terrain Rammed . | . . . Walls Destroyed . | . . . Machines Disabled . | . . . Actions | -11 -10 -10 --------- Run | Yrd Mat Min Total 2029 | 463 923 643 Wait 386 | 342 37 7 Move 1435 | 106 777 552 Hop . | . . . Pick Up 40 | 9 21 10 Fast Attach . | . . . Attach 23 | 5 9 9 Detach 2 | . 2 . Swap 4 | . 2 2 Drop 9 | 1 5 3 Fire 84 | . 53 31 Melee 46 | . 17 29 Ram . | . . . Kick . | . . . Crush . | . . . Escape Stasis . | . . . Rewire . | . . . Trap . | . . . Miscellaneous . | . . . Route ------- -11/Scrapyard -10/Materials (discovered 3 exits: [*Mat x2] / *Min) -10/Mines (discovered 2 exits: [*Mat x2]) History --------- Turn | Location | Event 20 | -11/Scrapyard | Discovered new exit (range 15) 513 | -11/Scrapyard | Entered Materials 514 | -10/Materials | Build established: Mutant 684 | -10/Materials | Discovered new exit (range 16) 848 | -10/Materials | Identified exit to Mines 1253 | -10/Materials | Discovered new exit (range 10) 1555 | -10/Materials | Discovered new exit (range 13) 1558 | -10/Materials | Core integrity fell below 50% 1742 | -10/Materials | Entered Mines 1767 | -10/Mines | A weapon hastily lodged in a ceiling crevice suddenly fell to the ground 2144 | -10/Mines | Learned 4 Materials zone layouts 2151 | -10/Mines | Discovered new exit (range 5) 2342 | -10/Mines | Excavation squad dispatched 2342 | -10/Mines | A large section of the Mines collapsed 2437 | -10/Mines | Core integrity fell below 20% 2557 | -10/Mines | Discovered new exit (range 6) 2572 | -10/Mines | Destroyed by G-34 Mercenary with Small Laser Last Messages --------------- 02525_ The unstable cave ceiling collapses. 02527_ K-01 Serf collects debris. 02530_ The unstable cave ceiling collapses. 02531_ K-01 Serf collects debris. 02533_ The unstable cave ceiling collapses. 02539_ K-01 Serf collects debris. 02541_ The unstable cave ceiling collapses. 02545_ K-01 Serf collects debris. 02549_ The unstable cave ceiling collapses. 02549_ K-01 Serf collects debris. 02551_ The unstable cave ceiling collapses. 02552_ K-01 Serf collects debris. 02554_ The unstable cave ceiling collapses. 02555_ K-01 Serf collects debris. 02557_ EXIT=FOUND 02559_ Ion Engine destroyed. 02559_ Critical hit (Burn: +37). 02563_ K-01 Serf collects debris. 02567_ The unstable cave ceiling collapses. 02572_ K-01 Serf collects debris. Map ----- +----------------------------------------------------+ | | | | | | | | | | | | | | | | | | | ?????????????????????????????????????????????????? | | ?????????????????????????????????????????????????? | | ??????????????????????????????????????###????????# | | ????????????????????????########?????## ##?????## | | ???????????????????????? #?????# ##???## | | ????????#######?????????? #?????# ##??# | | ???????## ####??????? #??????# #### | | ???????# ## ##???????< #???????# ## | | ??????## #####??? #???###?# | | ???#### = # ##??? ???## ## ### | | ??## [ # #??? ????# ##?## | | ??# = # # # ####???# #????# #???#### | | ??# ### # # ###### #????## #??????? | | ??# ###?## # # g #?????# #??????? | | ??# ##????# ## # # #g####?????# #??????? | | ??## #??????# # ## # ######???## ##??????? | | ???##???????# ## # #k @ # ##???### #?###???? | | ????????????# ## # ####### #?# #???? | | ????????????####### ## ### #???? | | ??????????????????### # u # ## #???? | | ????????????????????### ###### ##### ##??? | | ?????????????????????### # ###??# ##??# #### | | ??????????????????????### # ##???## #### ## | | ???????????????????????## # ###?#### ## | | ????????????????????????# ####??# %! | | ???????######???????????? #?????# % | | ??????## ##??????#####t#?????# #### """% | | ??????# ##?????# ? #?????# #??## """* | | ????### """ ####### #??#???#### #??## """ | | ???# """ #????### ##?# % | | ???## """ ####### #???## ### ! # | | ????# ## ##?????# ##### ## ## ### | | ????##?## ###??????# #?## ## ##?# | | ????????# #????????###### #### ### ##??# | | ?####???# ############### ## ##?# #???# | | ## ##??#%= ## ##### ##??# | | # #??# !###### ###### ## # #??? | | # #??# ##??# #????# ### ## #??? | | # #??## #### #????# #?######### ## #?? | | # #### #????# #?????????# ### ## | | ## ######????# #?????????# ###### | +----------------------------------------------------+ Best States ------------- Heat Dissipation 25 Energy Generation 10 Energy Capacity 250 Matter Stores 300 Matter Capacity 300 Sight Range 16 Terrain Scan Density 10 Evasion (%) 40 Recoil Reduction 2 Offensive Hacking 10 Item Schematics ----------------- None Robot Schematics ------------------ None Fabricated ------------ Nothing Alien Tech Used ----------------- None Achievements -------------- None Challenges ------------ None Game ------ Seed SystemDeliveryCleaver Manual? 0 Play Time 00:29:04 Cumulative 18.7 hours Start 2024.04.19 @ 17:31:41 End 2024.04.20 @ 06:18:38 Sessions 3 Manual Loads 0 Difficulty Rogue Special Mode None Game No. 17 Rogue 2 Adventurer 11 Explorer 4 Win Type - Total 1 Types 1/0/0/0/0/0/0/0/0 Lore% 28 Gallery% 28 Achievement% 27 Wizard Run 0 Options --------- Layout 1 ASCII 0 Keyboard 0 Movement Numpad Keybinds 0 Fullscreen 1 Font 20/SmallcapsGlow Map View 54x42 Zoom Use 0% Tactical HUD 1 Map Filters NONE Filters NONE Steam 1 RUN: 670194f9-91a8-4772-8f34-6ee2774e4d0e